Map: Ley Lines

Players

Vaisravana

  • Race: Protoss Protoss
  • Spawn Location: 1:00

A.I. 2 (Very Easy) - Winner!

  • Race: Protoss Protoss
  • Spawn Location: 7:00

VOD

Have the link to the VOD?

Description

Time

  • Played on: Aug. 7, 2025, 9:12 a.m.
  • Length: 5:15
Show
View Real Time Build Order
Export as new Build Order

Vaisravana Protoss 

Build Orders:  

Get SALT Encoding   

  12  0:00  Probe  
  13  0:12  Probe  
  14  0:17  Pylon  
  14  0:24  Probe  
  15  0:33  Probe  
  15  0:35  Gateway  
  15  0:41  Probe  
  16  0:47  Assimilator  
  17  0:51  Probe  
  17  0:55  Assimilator  
  18  0:59  Probe  
  19  1:07  Probe  
  19  1:13  Gateway  
  19  1:18  Probe  
  21  1:26  Cybernetics Core  
  21  1:30  Probe  
  22  1:40  Pylon  
  22  1:42  Probe  
  23  1:58  Probe  
  23  2:01  Stalker  
  24  2:03  Robotics Facility  
  24  2:06  Stalker  
  26  2:14  Warp Gate  
  28  2:23  Pylon  
  28  2:35  Gateway  
  28  2:41  Stalker  
  28  2:43  Immortal  
  30  2:57  Stalker  
  36  3:09  Pylon  
  36  3:13  Warp Prism  
  38  3:32  Sentry x2  
  42  3:51  Pylon  
  42  4:04  Stalker x2  
  42  4:09  Stalker  
  48  4:12  Pylon  
  48  4:29  Stalker  
  48  4:30  Stalker  
  52  4:32  Stalker  
  54  4:57  Stalker x3  
Show
View Real Time Build Order
Export as new Build Order

A.I. 2 (Very Easy) Protoss - Winner!

Build Orders:  

Get SALT Encoding   

  12  0:00  Probe  
  13  0:13  Probe  
  14  0:19  Pylon  
  14  0:36  Assimilator  
  14  0:43  Gateway  
  14  0:46  Pylon  
  14  1:13  Assimilator  
  14  1:18  Probe  
  15  1:26  Probe  
  16  1:32  Cybernetics Core  
  16  1:34  Probe  
  17  1:45  Probe  
  18  1:56  Probe  
  18  1:58  Warp Gate  
  19  2:04  Probe  
  19  2:05  Stalker  
  22  4:19  Probe  
  22  4:35  Probe  
  22  4:38  Stalker  
  24  4:40  Pylon  
  20  4:50  Probe  
  13  5:02  Probe  
Tags
 
Matchup
PvP
Spawn Locations
Cross Positions
Add a new tag
Caveats
  • Supply blocks, unpowered buildings, or Contaminate may cause inaccurate times.
  • Supply counts are checked every 10 seconds.